 Dungeon Crawl Stone Soup version 0.31-a0-188-g5e087ee2ca (webtiles) character file.

Game seed: 3742053313616967696

338 qw the Skirmisher (level 6, 0/36 HPs)
             Began as a Deep Elf Hunter on June 23, 2023.
             Slain by a lemure (8 damage)
             ... led by Pikel
             ... on level 4 of the Dungeon.
             The game lasted 00:01:05 (2463 turns).

qw the Skirmisher (Deep Elf Hunter)                 Turns: 2463, Time: 00:01:06

Health: 0/36       AC:  7    Str: 10    XL:     6   Next: 29%
Magic:  8/8        EV: 11    Int: 14    God:
Gold:   167        SH:  0    Dex: 18    Spells: 5/5 levels left

rFire   . . .        Y - +3 shortbow
rCold   . . .        (shield currently unavailable)
rNeg    . . .        h - +0 ring mail
rPois   .            (no helmet)
rElec   .            (no cloak)
rCorr   .            a - +1 pair of gloves
SInv    .            (no boots)
Will    .....        (no amulet)
Stlth   +            (no ring)
HPRegen 0.26/turn    (no ring)
MPRegen 0.11/turn

%: no passive effects
@: about to teleport
A: no striking features
a: no special abilities


You were on level 4 of the Dungeon.
You visited 2 branches of the dungeon, and saw 5 of its levels.

You collected 167 gold pieces.


   Skills:
 - Level 2.3 Fighting
 + Level 9.6 Ranged Weapons
 - Level 2.4 Dodging
 - Level 1.2 Stealth


You had 5 spell levels left.
You didn't know any spells.
Your spell library was empty.

Inventory:

Hand Weapons
 Y - a +3 shortbow (weapon)
Armour
 a - a +1 pair of gloves (worn)
 h - a +0 ring mail (worn)
Scrolls
 b - 2 scrolls of teleportation
 e - a scroll of identify
Potions
 c - a potion of curing
 d - a potion of lignification {unknown}
 f - 2 potions of enlightenment
 g - a potion of might

Dungeon Overview and Level Annotations

Branches:
Dungeon (4/15)             Temple (1/1) D:4

Altars:
Ashenzari
Cheibriados
Elyvilon
Fedhas
Gozag
Hepliaklqana
Makhleb
Nemelex Xobeh
Ru
Sif Muna
Trog
Uskayaw
Vehumet
Xom
Yredelemnul
Zin
The Shining One

Shops:
D:3 [

Annotations:
D:4 Pikel


Message History

The lemure shouts!
You shoot an arrow. The arrow closely misses Pikel.
The arrow hits the lemure.
The lemure is heavily wounded.
Pikel hits you with a +0 whip of flaming.
Pikel burns you.
You shoot an arrow. The arrow barely misses Pikel.
The arrow hits the lemure!
The lemure is almost dead.
Pikel barely misses you.
You shoot an arrow. The arrow hits the lemure.
You kill the lemure!
That felt strangely unrewarding.
Pikel closely misses you. The lemure closely misses you.
Pikel closely misses you.
You shoot an arrow.
The arrow hits Pikel but does no damage.
Pikel is lightly wounded.
The lemure hits you. Pikel closely misses you.
You shoot an arrow. The arrow hits Pikel.
Pikel is moderately wounded.
Pikel hits you with a +0 whip of flaming.
Pikel burns you.
You shoot an arrow. The arrow closely misses Pikel.
The arrow hits the lemure!
The lemure is heavily wounded.
The lemure closely misses you. x2
Pikel hits you with a +0 whip of flaming.
Pikel burns you.
You shoot an arrow. The arrow hits Pikel.
Pikel is moderately wounded.
The lemure closely misses you. The lemure hits you. Pikel closely misses you.
You shoot an arrow. The arrow hits Pikel.
Pikel is heavily wounded.
The lemure barely misses you. The lemure hits you. Pikel completely misses you.
2462 ||| READING 3 scrolls of teleportation.
As you read the scroll of teleportation, it crumbles to dust.
You feel strangely unstable.
The lemure hits you but does no damage. x2; Pikel barely misses you.
You shoot an arrow. The arrow hits Pikel.
Pikel is heavily wounded.
The lemure hits you!
You die...

###.......#........#...)...'..
#.......#........'.......#..
#.......#...7+777'7......#..
........#...7.....7......#..
.........#...7.~~ยค.7......##.
##...7.....7.......##
#....'.._..+.......#.
#....7.....7.......%.
#..5@7.~~~.7.......#.
#..5K7.....7.......#.
#...57+777'7......>#.
####...............##
..################ ..# #. ..#
#. ...# #. ##


You could see Pikel and 3 lemures.

Vanquished Creatures
  A lemure (D:4)
  2 scorpions (D:4)
  A sleepcap (D:4)
  2 iguanas (D:4)
  2 orc wizards (D:2)
  A dart slug (D:1)
  7 orcs
  8 ball pythons
  3 endoplasms
  5 giant cockroaches
  4 goblins
  11 hobgoblins
  5 jackals
  5 quokkas
  6 bats
  3 frilled lizards (D:1)
  10 kobolds
  4 rats
80 creatures vanquished.

Notes
Turn   | Place    | Note
-------+----------+-------------------------------------------
     0 | D:1      | qw the Deep Elf Hunter began the quest for the Orb.
     0 | D:1      | Reached XP level 1. HP: 12/12 MP: 3/3
     0 | D:1      | 0 ||| qw: Version: 0.3-a-9-g12657ce
     0 | D:1      | 0 ||| qw: Game counter: 3265
     0 | D:1      | 0 ||| qw: Always use a shield: true
     0 | D:1      | 0 ||| qw: God list: Okawaru
     0 | D:1      | 0 ||| qw: Allow faded altars: false
     0 | D:1      | 0 ||| qw: Do Orc after D:15 true
     0 | D:1      | 0 ||| qw: Do second Lair branch before Depths: true
     0 | D:1      | 0 ||| qw: Lair rune preference: random
     0 | D:1      | 0 ||| qw: Plans: Normal
     0 | D:1      | 0 ||| PLANNING D:1-11
   157 | D:1      | Reached skill level 6 in Ranged Weapons
   157 | D:1      | Reached XP level 2. HP: 16/16 MP: 4/4
   547 | D:1      | Reached XP level 3. HP: 20/20 MP: 5/5
   870 | D:1      | Found a snail-covered altar of Cheibriados.
   873 | D:1      | 873 ||| READING scroll labelled VOIPIWEACI.
   874 | D:1      | 874 ||| READING 2 scrolls labelled COGAYFU RIBEONN.
   875 | D:1      | 875 ||| READING scroll of enchant weapon.
   875 | D:1      | 875 ||| ENCHANTING +1 shortbow.
   876 | D:1      | 876 ||| READING scroll labelled GIOR READWAE.
   877 | D:1      | 877 ||| READING scroll labelled NACECKIRCHI.
   881 | D:1      | 881 ||| READING scroll labelled XYNODE XOAFEI.
   882 | D:1      | 882 ||| DROPPING scroll of butterflies.
   904 | D:2      | Found a hide-covered altar of Uskayaw.
   905 | D:2      | 905 ||| FLEEEEING.
   970 | D:2      | 970 ||| READING scroll of enchant weapon.
   970 | D:2      | 970 ||| ENCHANTING +2 shortbow.
  1006 | D:2      | Reached skill level 7 in Ranged Weapons
  1177 | D:2      | 1177 ||| READING scroll labelled XOATOSCHYQEBE.
  1268 | D:3      | 1268 ||| FLEEEEING.
  1318 | D:3      | Found a burning altar of Makhleb.
  1401 | D:3      | 1401 ||| FLEEEEING.
  1402 | D:3      | 1402 ||| FLEEEEING.
  1403 | D:3      | 1403 ||| FLEEEEING.
  1405 | D:3      | 1405 ||| STAIRDANCE
  1424 | D:2      | 1424 ||| UPGRADING to +0 pair of gloves.
  1429 | D:2      | 1429 ||| UPGRADING to +0 ring mail.
  1439 | D:2      | 1439 ||| DROPPING +0 leather armour.
  1440 | D:2      | 1440 ||| READING scroll of enchant armour.
  1440 | D:2      | 1440 ||| ENCHANTING +0 pair of gloves.
  1441 | D:2      | 1441 ||| READING scroll labelled WYTIPTUQ OTIYTE.
  1442 | D:2      | 1442 ||| DRINKING 2 purple potions.
  1446 | D:3      | 1446 ||| STAIRDANCE
  1462 | D:3      | 1462 ||| STAIRDANCE
  1467 | D:3      | 1467 ||| STAIRDANCE
  1473 | D:2      | Reached XP level 4. HP: 15/25 MP: 6/6
  1476 | D:2      | Reached skill level 8 in Ranged Weapons
  1620 | D:3      | Found Gunucaen's Armour Shoppe.
  1636 | D:3      | 1636 ||| SHOPLISTING +3 ring mail of Spite {Stlth+} (374
                  | gold, have 103).
  1785 | D:3      | 1785 ||| DROPPING ring of wizardry.
  1786 | D:3      | 1786 ||| DRINKING 2 bubbling brown potions.
  1858 | D:4      | Noticed a scorpion
  1863 | D:4      | Killed a scorpion
  1864 | D:4      | Reached XP level 5. HP: 29/29 MP: 7/7
  1875 | D:4      | Reached skill level 9 in Ranged Weapons
  1913 | D:4      | Reached XP level 6. HP: 26/36 MP: 8/8
  2041 | D:4      | Found a blossoming altar of Fedhas.
  2094 | D:4      | Found a staircase to the Ecumenical Temple.
  2095 | D:4      | 2095 ||| PLANNING TEMPLE
  2095 | D:4      | 2095 ||| READING 2 scrolls of identify.
  2095 | D:4      | 2095 ||| IDENTIFYING grey potion
  2104 | Temple   | Entered the Ecumenical Temple
  2195 | Temple   | 2195 ||| PLANNING D:1-11
  2450 | D:4      | Noticed Pikel
  2461 | D:4      | HP: 7/36 [lemure[Pikel] (4)]
  2462 | D:4      | 2462 ||| READING 3 scrolls of teleportation.
  2463 | D:4      | Slain by a lemure

Levels and vault maps discovered:
D:1:      dpeg_arrival_water_altar, layout_loops_ring, serial_bayou_pond_a,
          moated_statue, kennysheep_doodads, st_stairs_4
D:2:      layout_basic, basic_altar
D:3:      layout_rooms, marbit_many_paths, serial_shops,
          nicolae_shop_pleasant_corner_grove
D:4:      layout_gridville, mainiacjoe_overflow_six_doors_small,
          minmay_temple_entry_large_hall, minmay_rat_hole, uniq_pikel
Temple:   regret_index_temple_waves

Skill      XL: |  1  2  3  4  5 |
---------------+----------------+-----
Ranged Weapons | 6 7 8 9 |  9.6
Fighting       | 2 |  2.3
Dodging        | |  2.4
Stealth        | |  1.2

Action                     |  1- 3 |  4- 6 || total
---------------------------+-------+-------++-------
   Fire: Shortbow          |   132 |    90 ||   222
    Use: Scroll            |    10 |     2 ||    12
         Potion            |     1 |     1 ||     2
 Armour: Leather armour    |     9 |       ||     9
         Ring mail         |     9 |     7 ||    16
  Dodge: Dodged            |    18 |    30 ||    48

Table legend:
 A = Non-vault XP
 B = Vault XP
 C = Vault XP percentage of total XP
 D = Non-vault monster count
 E = Vault monster count
 F = Vault count percentage of total count
                 A         B        C        D         E       F
            +---------+---------+-------+---------+---------+-------
      Total |     477 |       6 |   1.2 |      75 |       4 |   5.1
            +---------+---------+-------+---------+---------+-------
        D:1 |      50 |       4 |   7.4 |      30 |       3 |   9.1
        D:2 |      91 |       0 |   0.0 |      14 |       0 |   0.0
        D:3 |      32 |       2 |   5.9 |      14 |       1 |   6.7
        D:4 |     304 |       0 |   0.0 |      17 |       0 |   0.0
            +---------+---------+-------+---------+---------+-------
